 Dungeon Crawl Stone Soup version 0.32-a0-876-gcfddb08e57 (webtiles) character file.

Game seed: 12494003372062542507

31 Fractals the Changeling (level 3, 0/27 HPs)
             Began as a Merfolk Shapeshifter on Apr 2, 2024.
             Slain by a gnoll
             ... wielding a +0 spear
              (3 damage)
             ... on level 2 of the Dungeon.
             The game lasted 00:03:00 (900 turns).

Fractals the Changeling (Merfolk Shapeshifter)       Turns: 900, Time: 00:03:01

Health: 0/27       AC:  5    Str: 16    XL:     3   Next: 22%
Magic:  3/3        EV: 10    Int:  9    God:
Gold:   99         SH:  0    Dex: 13    Spells: 2/2 levels left

rFire   . .          .
                       - Unarmed
rCold   . . .        (no shield)
rNeg    . . .        f - +0 ring mail
rPois   .            (helmet currently unavailable)
rElec   .            i - melded scarf {+Inv}
rCorr   .            (gloves currently unavailable)
SInv    .            (boots currently unavailable)
Will    +....        (no amulet)
Stlth   +            l - ring of willpower
HPRegen 0.24/turn    (no ring)
MPRegen 0.08/turn

%: no passive effects
@: beast-form
A: beast (slay +2), (nimble swimmer 2), mertail
a: Begin Untransformation


You were on level 2 of the Dungeon.
You were a hulking beast.
You visited 1 branch of the dungeon, and saw 2 of its levels.

You collected 99 gold pieces.

Inventory:

Armour
 f - a +0 ring mail (worn)
 i - a scarf of invisibility (melded)
Jewellery
 l - a ring of willpower (left hand)
Talismans
 c - a beast talisman (active)
 d - a flux talisman
Scrolls
 e - a scroll of immolation {unknown}
 j - a scroll of fear {unknown}
 k - a scroll of silence {unknown}
 m - a scroll of blinking {unknown}
Potions
 b - a potion of lignification
 g - 2 potions of curing
 h - a potion of heal wounds {unknown}
 n - 2 potions of haste


   Skills:
 + Level 2.0 Fighting
 - Level 3.0 Dodging
 + Level 3.7 Unarmed Combat
 + Level 4.4 Shapeshifting


You had 2 spell levels left.
You didn't know any spells.
Your spell library contained the following spells:

 Spells                   Type           Power      Damage    Failure   Level
 Call Canine Familiar     Summ           0%         N/A       93%         3
 Sigil of Binding         Hex            0%         N/A       93%         3
 Tukima's Dance           Hex            0%         N/A       93%         3
 Dimensional Bullseye     Hex/Tloc       0%         N/A       100%        4
 Iskenderun's Mystic Bla Conj/Tloc 0%             2d3        (+2d1     100%        4


Dungeon Overview and Level Annotations

Branches:
Dungeon (2/15)

Altars:


Innate Abilities, Weirdness & Mutations

You are a hulking beast.
Your limbs bulge with bestial killing power. (Slay +2)
((You are very nimble when in or above water. (Stealth+, EV+, Speed+++)))
Your lower body shifts to a powerful aquatic tail in water.


Message History

The giant cockroach barely misses you.
You completely miss the giant cockroach.
The giant cockroach is severely wounded.
The giant cockroach bites you but does no damage.
The giant cockroach bites you but does no damage.
You barely miss the giant cockroach.
The giant cockroach is severely wounded.
The giant cockroach bites you.
The giant cockroach attacks as it pursues you!
The giant cockroach misses you.
You hit the giant cockroach but do no damage.
The giant cockroach is severely wounded.
The giant cockroach bites you but does no damage.
The giant cockroach attacks as it pursues you!
The giant cockroach bites you but does no damage.
The giant cockroach misses you.
You hit the giant cockroach but do no damage.
The giant cockroach is severely wounded.
The giant cockroach bites you but does no damage.
You barely miss the giant cockroach.
The giant cockroach is severely wounded.
The giant cockroach bites you but does no damage.
You hit the giant cockroach.
The giant cockroach is almost dead.
The giant cockroach closely misses you.
The gnoll hits you from afar with a +0 spear.
The giant cockroach attacks as it pursues you!
The giant cockroach bites you but does no damage.
You hit the giant cockroach.
You kill the giant cockroach!
The gnoll barely misses you. The gnoll attacks as it pursues you!
The gnoll hits you from afar with a +0 spear.
Okay, then.
The gnoll attacks as it pursues you!
The gnoll hits you from afar with a +0 spear!
* * * LOW HITPOINT WARNING * * *
The gnoll attacks as it pursues you!
The gnoll hits you from afar with a +0 spear.
You die...

.....# #.... ............#
.....## .... ..........######
......# ..# ########........
......# #.# ###.#......
......########.### #...#......
.†...............# ##.###......
.................## ##..###......
#.####............###....########
#.####........g.h........#
........#####...#..###...# ##
#.#####.# #.....>......# #.
#.......# #...##.####### #.
#######.# ##...##.## #. #.#
.........# #####. #.# ..........#
#..... #.#
..........########.#### #..
...................#


You could see a gnoll.

Vanquished Creatures
  A gnoll (D:2)
  A dart slug (D:1)
  An endoplasm (D:2)
  A giant cockroach (D:2)
  2 goblins (D:1)
  A hobgoblin (D:1)
  3 quokkas
  3 ball pythons (D:1)
  2 bats (D:2)
  2 frilled lizards (D:1)
  A kobold (D:2)
  3 rats (D:1)
21 creatures vanquished.

Notes
Turn   | Place    | Note
-------+----------+-------------------------------------------
     0 | D:1      | Fractals the Merfolk Shapeshifter began the quest for the
                  | Orb.
     0 | D:1      | Reached XP level 1. HP: 15/15 MP: 1/1
   222 | D:1      | Reached XP level 2. HP: 21/21 MP: 2/2
   866 | D:2      | Reached XP level 3. HP: 9/27 MP: 3/3
   900 | D:2      | Slain by a gnoll

Illustrated notes

Levels and vault maps discovered:
D:1:      minmay_arrival_cross, layout_basic
D:2:      layout_basic, uniq_crazy_yiuf_cottage, uniq_robin

Skill      XL: |  1  2 |
---------------+-------+-----
Dodging        | 3 |  3.0
Fighting       | 2 |  2.0
Unarmed Combat | |  3.7
Shapeshifting  | |  4.4

Action                     || total
---------------------------++-------
  Melee: Unarmed           ||    56
         Punch             ||     1
    Use: Scroll            ||     2
 Armour: Ring mail         ||    33
  Dodge: Dodged            ||    28
         Form:             ||     2
         Beast             ||     2

Table legend: (Time is in decaauts)
 A = Elapsed time spent in this place.
 B = Non-inter-level travel time spent in this place.
 C = Inter-level travel time spent in this place.
 D = Time resting spent in this place.
 E = Time spent auto-exploring this place.
 F = Levels seen in this place.
 G = Mean time per level.
                   A        B        C        D        E       F      G
               +--------+--------+--------+--------+--------+-----+--------+
         Total |    896 |    889 |      7 |      0 |    604 |   2 |  448.0 |
       Dungeon |    896 |    889 |      7 |      0 |    604 |   2 |  448.0 |
               +--------+--------+--------+--------+--------+-----+--------+

Top non-repeatable levels by time:
     D:1: 667 daAuts
     D:2: 228 daAuts
